 Dungeon Crawl Stone Soup version 0.25.1-8-g42b30a86e7 (webtiles) character file.

Game seed: 10315659746177222179

20590 hawla the Cruncher (level 12, -12/111 HPs)
             Began as a Grey Draconian Conjurer on Dec 11, 2020.
             Was an Elder of Vehumet.
             Engulfed by a cloud of freezing vapour (30 damage)
             ... in an ice cave on Dec 12, 2020.
             The game lasted 00:50:49 (16490 turns).

hawla the Cruncher (Grey Draconian Conjurer)       Turns: 16490, Time: 00:50:49

Health: -12/111    AC: 14    Str: 10    XL:     12   Next: 46%
Magic:  22/32      EV: 18    Int: 22    God:    Vehumet [****..]
Gold:   713        SH:  0    Dex: 13    Spells: 18/31 levels left

rFire    . . .     SeeInvis .   E - staff of earth
rCold    . . .     Gourm    .   (no shield)
rNeg     . . .     Faith    .   (armour unavailable)
rPois    .         Spirit   .   (helmet restricted)
rElec    .         Reflect  .   a - scarf {harm}
rCorr    .         Harm     +   (no gloves)
MR       .....                  B - +0 pair of boots
Stlth    +++.......             d - amulet of regeneration
HPRegen  0.68/turn              o - +4 ring of evasion
MPRegen  0.23/turn              q - ring "Kuddutydgh" {MP+9 Int+2 Stlth+}

@: about to teleport, slowed, very slow
A: walk through water, unfitting armour, low mp 1, robust 1, wild magic 1,
unbreathing, cold-blooded, AC +13
a: Renounce Religion


You were in an ice cave.
You worshipped Vehumet.
Vehumet was greatly pleased with you.
You were full.

You visited 2 branches of the dungeon, and saw 14 of its levels.
You also visited: Ice Cave.

You collected 803 gold pieces.
You spent 90 gold pieces at shops.

Inventory:

Hand Weapons
 c - a +0 quarterstaff
 i - the +1 falchion of Courage {pain, Int+4}
   (You found it on level 8 of the Dungeon)

   In the hands of one skilled in necromantic magic, it inflicts extra damage on
   living creatures.
   It affects your intelligence (+4).
 D - the +8 war axe of Xuruutt {venom, rF+}
   (You found it on level 8 of the Dungeon)

   It poisons the flesh of those it strikes.
   It protects you from fire.
Missiles
 s - 13 boomerangs (quivered)
 w - 4 boomerangs of dispersal
 P - 10 poisoned darts
Armour
 a - a scarf of harm (worn)
 B - a +0 pair of boots (worn)
Magical Staves
 E - an uncursed staff of earth (weapon)
Jewellery
 d - an amulet of regeneration (around neck)
 f - an uncursed ring of poison resistance
 h - an uncursed ring of fire
 o - a +4 ring of evasion (left hand)
 q - the ring "Kuddutydgh" (right hand) {MP+9 Int+2 Stlth+}
   (You found it on level 5 of the Dungeon)

   [ring of magical power]

   It affects your intelligence (+2).
   It affects your magic capacity (+9).
   It makes you more stealthy.
 y - an uncursed ring of protection from fire
 C - a +4 ring of evasion
 F - an uncursed ring of protection from fire
 O - an uncursed amulet of magic regeneration
Wands
 j - a wand of acid (5)
 k - a wand of flame (57)
 m - a wand of enslavement (7)
 p - a wand of clouds (9)
 Q - a wand of polymorph (12)
Scrolls
 e - 5 scrolls of blinking
 g - 6 scrolls of remove curse
 n - 4 scrolls of identify
 z - a scroll of fear
 J - a scroll of enchant armour
 M - a scroll of fog {unknown}
 N - a scroll of amnesia {unknown}
Potions
 l - 2 potions of flight
 r - a potion of brilliance
 t - a potion of ambrosia
 u - 2 potions of berserk rage
 v - a potion of cancellation
 G - a potion of mutation
 H - a potion of haste {unknown}
 I - a potion of lignification {unknown}
 K - a potion of might {unknown}
Comestibles
 b - 27 rations


   Skills:
 - Level 8.0 Fighting
 + Level 11.7 Staves
 + Level 4.1 Dodging
 - Level 1.7 Stealth
 - Level 10.0 Spellcasting
 - Level 6.8 Conjurations
 - Level 7.6 Translocations
 * Level 3.3 Fire Magic
 - Level 3.0 Earth Magic
 - Level 3.0 Evocations


You had 18 spell levels left.
You knew the following spells:

 Your Spells              Type           Power        Failure   Level  Hunger
a - Magic Dart            Conj           ####         1%          1    None
b - Searing Ray           Conj           ######       1%          2    None
c - Iskenderun's Mystic   Conj/Tloc      ######..     1%          4    ##.....
d - Conjure Flame         Conj/Fire      #####...     1%          3    None
e - Stone Arrow           Conj/Erth      ######       1%          3    None

Your spell library contained the following spells:

 Spells                   Type           Power        Failure   Level  Hunger
 Lightning Bolt           Conj/Air       ####......   14%         5    ####...
 Dazzling Flash           Conj/Hex       ####..       2%          3    None
 Fulminant Prism          Conj/Hex       ####......   6%          4    ##.....


Dungeon Overview and Level Annotations

Branches:
Dungeon (13/15)            Temple (1/1) D:4            Lair (0/6) D:11
  IceCv (1/1)
    Orc: D:9-12      Vaults: D:13-14

Altars:
Ashenzari
Cheibriados
Dithmenos
Elyvilon
Fedhas
Gozag
Hepliaklqana
Kikubaaqudgha
Makhleb
Nemelex Xobeh
Okawaru
Qazlal
Ru
Sif Muna
Trog
Uskayaw
Vehumet
Wu Jian
Xom
Yredelemnul
Zin
The Shining One

Shops:
D:12 (

Annotations:
D:3 2 runed translucent doors, pokeman's ghost, amateur DEWz
D:4 2 transporters, axecop's ghost, weakling CeAK IceCv exclusion: 2 ice statues


Innate Abilities, Weirdness & Mutations

You can walk through water.
Your dull iron-grey scales are very hard. (AC +13)
You cannot fit into any form of body armour.
You can survive without breathing.
You are cold-blooded and may be slowed by cold attacks.
Your magical capacity is low. (-10% MP)
You are robust. (+10% HP)
Your spells are a little harder to cast, but a little more powerful.


Message History

You are engulfed in freezing vapours.
You feel as though you will be slow longer.
The ice statue gestures.
Casting: Iskenderun's Mystic Blast (mildly dangerous; 1% risk of failure)
Confirm with . or Enter, or press ? or * to list all spells.
You erupt in a blast of force!
The mystic blast hits the ice beast!
The ice beast is almost dead.
The ice beast is knocked back by the mystic blast.
The mystic blast hits the ice statue.
The ice statue is heavily damaged.
You are engulfed in freezing vapours.
You feel as though you will be slow longer.
* * * LOW HITPOINT WARNING * * *
As you read the scroll of teleportation, it crumbles to dust.
You feel strangely unstable.
You are engulfed in freezing vapours.
* * * LOW HITPOINT WARNING * * *
The ice statue gestures at you. The shard of ice misses you.
You feel better.
You are engulfed in freezing vapours.
You die...

#...## ##...##
##...# ##..#
##..## #..##
####.☼##
###8#.§..#8#
#..§@☼YY...#
#....§§§§Y...#
...............#
...#..........##
#. ##..........#
# ##........##
#####...## ####


You could see 2 ice statues and 3 ice beasts.

Vanquished Creatures
  Kirke (D:12)
  Erolcha (D:9)
  A hydra (D:12)
  Erica (D:9)
  4 two-headed ogres
  A wolf spider zombie (D:11)
  A cyclops (D:12)
  A gargoyle (D:11)
  2 centaur skeletons (D:12)
  A troll (D:12)
  5 slime creatures (D:12)
  3 hippogriffs
  2 wyverns
  13 yaks
  A hog (D:12)
  3 vampire mosquitoes (D:10)
  A hungry ghost (D:12)
  Grum (D:9)
  2 porcupines (D:11)
  5 ice beasts
  8 orc warriors
  6 sky beasts
  2 black bears (D:11)
  2 phantoms
  2 necrophages
  10 ogres
  3 wolves (D:9)
  6 centaurs
  A crocodile (D:8)
  3 big kobolds
  3 gnoll sergeants
  Blork the orc (D:6)
  8 bullfrogs
  A water moccasin zombie (D:7)
  6 scorpions
  3 killer bees (D:7)
  8 wights
  4 howler monkeys
  4 crimson imps
  2 bullfrog zombies (D:12)
  A centaur zombie (D:8)
  8 hounds
  2 jellies
  7 orc priests
  3 bullfrog skeletons
  Ijyb (D:5)
  5 iguanas
  19 orc wizards
  8 worker ants
  2 hound skeletons
  A howler monkey zombie (D:7)
  A worker ant zombie (D:7)
  13 adders
  11 gnolls
  2 river rats (D:4)
  2 shadow imps
  3 white imps (IceCv)
  5 ufetubi (IceCv)
  An ooze (D:2)
  An adder zombie (D:7)
  2 adder skeletons
  4 worms
  A dart slug (D:1)
  2 leopard geckos
  32 orcs
  5 giant cockroaches
  11 goblins
  7 hobgoblins
  8 jackals
  5 quokkas
  A ball python (D:1)
  A ball python skeleton (D:3)
  7 bats
  6 frilled lizards
  A jackal skeleton (D:5)
  19 kobolds
  2 quokka zombies
  12 rats
355 creatures vanquished.

Vanquished Creatures (others)
  4 humans (D:12)
  An orc wizard (D:12)
  4 white imps (IceCv)
  An ufetubus (IceCv)
  An orc (D:12)
  5 fungi (D:11)
  A plant (D:11)
17 creatures vanquished.

Grand Total: 372 creatures vanquished

Notes
Turn   | Place    | Note
-------+----------+-------------------------------------------
     0 | D:1      | hawla the Draconian Conjurer began the quest for the Orb.
     0 | D:1      | Reached XP level 1. HP: 14/14 MP: 3/3
   340 | D:1      | Reached XP level 2. HP: 20/20 MP: 3/5
   492 | D:1      | Learned a level 2 spell: Searing Ray
  1076 | D:2      | Reached XP level 3. HP: 26/26 MP: 4/7
  1081 | D:2      | Gained mutation: Your magical capacity is low. (-10% MP)
                  | [potion of mutation]
  1081 | D:2      | Gained mutation: Your spells are a little harder to cast,
                  | but a little more powerful. [potion of mutation]
  1081 | D:2      | Gained mutation: You are robust. (+10% HP) [potion of
                  | mutation]
  1858 | D:2      | Reached XP level 4. HP: 36/36 MP: 3/9
  3218 | D:3      | Reached skill level 5 in Spellcasting
  3218 | D:3      | Reached XP level 5. HP: 41/41 MP: 7/11
  3416 | D:3      | Found a blossoming altar of Fedhas.
  3531 | D:3      | Found a large runed translucent door.
  3532 | D:3      | Found a large runed translucent door.
  3534 | D:3      | Noticed pokeman's ghost (amateur DEWz)
  3932 | D:4      | Noticed an ogre
  3940 | D:4      | Killed an ogre
  3940 | D:4      | Reached XP level 6. HP: 45/49 MP: 6/13
  3949 | D:4      | Learned a level 4 spell: Iskenderun's Mystic Blast
  4005 | D:4      | Found a transporter.
  4005 | D:4      | Found a transporter.
  4005 | D:4      | Noticed axecop's ghost (weakling CeAK)
  4092 | D:4      | Identified the cursed +3 dire flail "Liytsivo" {elec,
                  | Fragile rC++ Int+8}
  4277 | D:4      | Found an iron altar of Okawaru.
  4293 | D:4      | Reached skill level 1 in Translocations
  4318 | D:4      | Found a staircase to the Ecumenical Temple.
  4339 | Temple   | Entered the Ecumenical Temple
  5291 | D:5      | Entered Level 5 of the Dungeon
  5485 | D:5      | Your scales start taking on a dull iron-grey colour.
  5485 | D:5      | Reached XP level 7. HP: 35/55 MP: 9/14
  5485 | D:5      | Gained mutation: You can survive without breathing. [Grey
                  | Draconian growth]
  5644 | D:5      | Got a shimmering wooden ring
  5965 | D:5      | Reached skill level 5 in Conjurations
  5991 | D:5      | Found a shimmering blue altar of Sif Muna.
  6153 | D:5      | Noticed Ijyb
  6159 | D:5      | Killed Ijyb
  6567 | D:5      | Identified the ring "Kuddutydgh" {MP+9 Int+2 Stlth+} (You
                  | found it on level 5 of the Dungeon)
  6653 | D:6      | Reached skill level 5 in Translocations
  6821 | D:6      | Found a sacrificial altar of Ru.
  6846 | D:6      | Reached XP level 8. HP: 54/62 MP: 15/15
  6955 | D:6      | Found a shimmering blue altar of Sif Muna.
  7718 | D:6      | Noticed Blork the orc
  7722 | D:6      | Killed Blork the orc
  7831 | D:6      | Reached skill level 1 in Fighting
  7883 | D:6      | Reached skill level 1 in Evocations
  8095 | D:7      | Found an ornate altar of the Wu Jian Council.
  8195 | D:7      | Reached XP level 9. HP: 73/73 MP: 16/16
  8250 | D:7      | Found a shadowy altar of Dithmenos.
  8253 | D:7      | Found a basalt altar of Yredelemnul.
  8642 | D:7      | Found Zin's Purification Station.
  8655 | D:7      | Found a glowing silver altar of Zin.
  8658 | D:7      | Bought a potion of curing for 90 gold pieces
  9446 | D:7      | Found a radiant altar of Vehumet.
  9677 | D:7      | Became a worshipper of Vehumet
 10320 | D:8      | Reached * piety under Vehumet
 10320 | D:8      | Offered knowledge of Shock by Vehumet.
 10326 | D:8      | Reached XP level 10. HP: 73/88 MP: 12/20
 10327 | D:8      | Reached skill level 5 in Fighting
 10571 | D:8      | Noticed a two-headed ogre
 10579 | D:8      | Killed a two-headed ogre
 10666 | D:8      | Got a crude war axe
 10667 | D:8      | Identified the +8 war axe of Xuruutt {venom, rF+} (You
                  | found it on level 8 of the Dungeon)
 10833 | D:8      | Got an encrusted falchion
 10833 | D:8      | Identified the cursed +1 falchion of Courage {pain, Int+4}
                  | (You found it on level 8 of the Dungeon)
 11554 | D:9      | Noticed Erolcha
 11562 | D:9      | Killed Erolcha
 11859 | D:9      | Noticed Grum
 11862 | D:9      | Offered knowledge of Sandblast by Vehumet.
 11862 | D:9      | Reached skill level 1 in Staves
 11863 | D:9      | Killed Grum
 11866 | D:9      | Reached ** piety under Vehumet
 11928 | D:9      | Noticed Erica
 11936 | D:9      | Killed Erica
 11936 | D:9      | Reached skill level 2 in Staves
 12107 | D:9      | You fall into a shaft and drop 3 floors!
 12111 | D:12     | Found Heny's Weapon Shoppe.
 12136 | D:12     | Reached skill level 3 in Staves
 12136 | D:12     | Reached skill level 10 in Spellcasting
 12145 | D:12     | Reached XP level 11. HP: 93/103 MP: 12/22
 12155 | D:12     | Noticed a two-headed ogre
 12177 | D:12     | Reached skill level 4 in Staves
 12319 | D:10     | Entered Level 10 of the Dungeon
 12539 | D:10     | Reached skill level 5 in Staves
 13208 | D:10     | Noticed a two-headed ogre
 13213 | D:10     | Killed a two-headed ogre
 13213 | D:10     | Reached skill level 6 in Staves
 13432 | D:11     | Offered knowledge of Conjure Flame by Vehumet.
 13446 | D:11     | Reached skill level 7 in Staves
 13454 | D:11     | Learned a level 3 spell: Conjure Flame
 13615 | D:11     | Reached skill level 1 in Fire Magic
 13641 | D:11     | Reached *** piety under Vehumet
 13799 | D:11     | Found a staircase to the Lair.
 13855 | D:11     | Offered knowledge of Stone Arrow by Vehumet.
 14017 | D:11     | Learned a level 3 spell: Stone Arrow
 14119 | D:11     | Reached skill level 1 in Earth Magic
 14470 | D:11     | Reached skill level 8 in Staves
 14934 | D:12     | Reached **** piety under Vehumet
 14938 | D:12     | Noticed Kirke
 14954 | D:12     | Killed Kirke
 14954 | D:12     | Reached skill level 9 in Staves
 14954 | D:12     | Reached XP level 12. HP: 65/111 MP: 9/23
 15185 | D:12     | Reached skill level 10 in Staves
 15265 | D:12     | Noticed an eight-headed hydra
 15271 | D:12     | Killed an eight-headed hydra
 15271 | D:12     | Offered knowledge of Lightning Bolt by Vehumet.
 15277 | D:12     | Killed a two-headed ogre
 15391 | D:12     | Reached skill level 11 in Staves
 15404 | D:12     | Noticed a two-headed ogre
 15418 | D:12     | Killed a two-headed ogre
 16342 | D:13     | Found a frozen archway.
 16356 | IceCv    | Entered an ice cave
 16490 | IceCv    | Engulfed by a cloud of freezing vapour

Illustrated notes

Levels and vault maps discovered:
D:1:      grunt_arrival_crossed_arrows, layout_loops_ring, minmay_pentomino_q4
D:2:      layout_loops_corners, serial_bayou, serial_bayou_pond_c,
          serial_bayou_pond_b, serial_bayou_pond_d, serial_bayou_pond_b,
          first_ration
D:3:      layout_basic, overflow_temple_1_default, ebering_ghost_disaster_area,
          hex_intersection
D:4:      layout_loops_ring, overflow_temple_1_default,
          minmay_temple_entry_grid, gammafunk_ghost_smash, portal_sewer_entry_b,
          corexii_item_surrounded_by_moat
D:5:      wad_pebble_path, layout_basic, tgw_sif, minmay_crystal_room,
          corexii_shack, uniq_ijyb
D:6:      kennysheep_orc_sif_temple, layout_loops_corners,
          nicolae_ru_great_annihilating_truth, uniq_blork_the_orc
D:7:      layout_basic, lemuel_doored_altar, lemuel_crystal_altar, zin_purify,
          kennysheep_mini_moat, serial_corexii_hall,
          chequers_hall_statues_corner_a, corexii_hall_statues_i,
          corexii_hall_statues_i, chequers_hall_statues_wall_a, basic_altar,
          grunt_ogre_cave
D:8:      layout_layer_cave, minmay_joined_circles
D:9:      layout_roguey, minmay_orc_entry_temple_small, grunt_dithmenos_shadows,
          uniq_erica, uniq_erolcha, uniq_grum
D:10:     layout_stronghold
D:11:     kennysheep_blocky_hall, layout_small_grid,
          grunt_lair_entry_orc_guard_hut
D:12:     layout_cave_pools, serial_shops, shop, kennysheep_potato, uniq_kirke
D:13:     layout_long_grid, portal_ice_cave_entry_pillars_1
Temple:   regret_index_temple_generic_petals
IceCv:    ice_cave_small_demon

Skill      XL: |  1  2  3  4  5  6  7  8  9 10 11 12 |
---------------+-------------------------------------+-----
Spellcasting   | 3 4 5 6 8 10 | 10.0
Translocations | 3 5 7 |  7.6
Conjurations   | 5 6 |  6.8
Fighting       | 1 4 8 |  8.0
Dodging        | 2 4 |  4.1
Evocations     | 1 2 3 |  3.0
Staves         | 3 9 11 | 11.7
Fire Magic     | 3 |  3.3
Earth Magic    | 3 |  3.0
Stealth        | |  1.7

Action                   |  1- 3 |  4- 6 |  7- 9 | 10-12 || total
-------------------------+-------+-------+-------+-------++-------
Melee: Unarmed           |    55 |     3 |       |       ||    58
       Tailslap          |     8 |     2 |       |     4 ||    14
       Whip              |       |       |     2 |       ||     2
       Staff             |       |       |       |    34 ||    34
 Cast: Magic Dart        |    50 |    50 |   110 |   126 ||   336
       Searing Ray       |    14 |    33 |    65 |   124 ||   236
       Iskenderun's Myst |       |       |     4 |    24 ||    28
       Conjure Flame     |       |       |       |    28 ||    28
       Stone Arrow       |       |       |       |    15 ||    15
Evoke: Wand              |       |       |       |     3 ||     3
  Use: Scroll            |     5 |     2 |     8 |     6 ||    21
       Potion            |     1 |     1 |     3 |     3 ||     8
  Eat: Chunk             |     4 |    10 |    15 |    16 ||    45
       Ration            |       |       |       |     3 ||     3
Armor: Skin              |    14 |     9 |    25 |    69 ||   117
Dodge: Dodged            |    41 |    15 |    37 |   110 ||   203
       Rpst.: Falchion   |       |       |       |     1 ||     1
